 Dungeon Crawl Stone Soup version 0.23.1 (webtiles) character file.

Game seed: 15142634551995642495

2 Chiseanne the Firebug (level 1, 0/13 HPs)
             Began as a Gnoll Wanderer on Mar 8, 2019.
             Slain by a frilled lizard (1 damage)
             ... on level 1 of the Dungeon.
             The game lasted 00:00:21 (22 turns).

Chiseanne the Firebug (Gnoll Wanderer)                Turns: 22, Time: 00:00:22

Health: 0/13       AC:  2    Str: 12    XL:     1   Next: 40%
Magic:  3/4        EV: 11    Int: 17    God:
Gold:   0          SH:  0    Dex: 13    Spells: 4/5 levels left

rFire    . . .     SeeInvis .   e - +0 dagger
rCold    . . .     Gourm    .   (no shield)
rNeg     . . .     Faith    .   d - +0 robe
rPois    .         Spirit   .   (no helmet)
rElec    .         Reflect  .   (no cloak)
rCorr    .         Harm     .   (no gloves)
MR       .....                  (boots currently unavailable)
Stlth    +.........             (no amulet)
HPRegen  0.04/turn              (no ring)
MPRegen  0.09/turn              (no ring)

@: appendage
A: distributed training, fangs 1, talons 3, strong nose
a: End Transformation


You were on level 1 of the Dungeon.
You were not hungry.
You had grown temporary talons.
You visited 1 branch of the dungeon, and saw 1 of its levels.

Inventory:

Hand Weapons
 e - a +0 dagger (weapon)
Armour
 d - a +0 robe (worn)
Potions
 c - a potion of curing
Comestibles
 f - a ration


   Skills:
 + Level 0.0 Fighting
 + Level 0.0 Short Blades
 + Level 0.0 Long Blades
 + Level 0.0 Axes
 + Level 0.0 Maces & Flails
 + Level 0.0 Polearms
 + Level 0.0 Staves
 + Level 0.0 Slings
 + Level 0.0 Bows
 + Level 0.0 Crossbows
 + Level 2.3 Throwing
 + Level 0.0 Armour
 + Level 0.0 Dodging
 + Level 0.0 Stealth
 + Level 2.3 Shields
 + Level 0.0 Unarmed Combat
 + Level 2.6 Spellcasting
 + Level 0.0 Conjurations
 + Level 3.6 Hexes
 + Level 0.0 Charms
 + Level 0.0 Summonings
 + Level 1.9 Necromancy
 + Level 0.0 Translocations
 + Level 3.6 Transmutations
 + Level 3.6 Fire Magic
 + Level 0.0 Ice Magic
 + Level 0.0 Air Magic
 + Level 0.0 Earth Magic
 + Level 0.0 Poison Magic
 + Level 0.1 Invocations
 + Level 0.0 Evocations


You had 4 spell levels left.
You knew the following spells:

 Your Spells              Type           Power        Failure   Level  Hunger
a - Beastly Appendage     Tmut           ##....       4%          1    #......

Your spell library contained the following spells:

 Spells                   Type           Power        Failure   Level  Hunger
 Sticks to Snakes         Tmut           ##......     6%          2    ##.....
 Poisonous Vapours        Pois/Air       #.....       26%         2    ##.....
 Swiftness                Chrm/Air       #.......     26%         2    ##.....
 Spider Form              Tmut/Pois      #.........   26%         3    ###....
 Ice Form                 Ice/Tmut       #.......     63%         4    #####..
 Blade Hands              Tmut           ##........   75%         5    ######.


Dungeon Overview and Level Annotations

Branches:
Dungeon (1/15)

Altars:


Innate Abilities, Weirdness & Mutations

Your experience applies equally to all skills.
You have very sharp teeth.
Your uncanny sense of smell can sniff out nearby items.
You have claws for feet.


Message History

You barely miss the bat. You bite the bat, but do no damage.
The bat is severely wounded.
The bat hits you but does no damage. x2
You hit the bat but do no damage.
The bat is severely wounded.
The bat closely misses you. The bat hits you.
You hit the bat.
You kill the bat!
You hit the leopard gecko. You claw the leopard gecko.
The leopard gecko is heavily wounded.
The leopard gecko bites you.
* * * LOW HITPOINT WARNING * * *
You closely miss the leopard gecko. Your bite misses the leopard gecko.
The leopard gecko is heavily wounded.
The leopard gecko closely misses you.
You hit the leopard gecko. You claw the leopard gecko.
You kill the leopard gecko!
You hit the frilled lizard but do no damage.
The frilled lizard bites you.
You die...

∆ ###
#<#..###
#.#..#h#
#.#..#l#
#.#..#k#
#@#..#h#
#l#..#s# .
#.#..###..#
#........8#
#.........#
##..l8.8.##
#...$...#
#########


You could see a frilled lizard.

Vanquished Creatures
  A leopard gecko (D:1)
  A bat (D:1)
2 creatures vanquished.

Notes
Turn   | Place    | Note
-------+----------+-------------------------------------------
     0 | D:1      | Chiseanne the Gnoll Wanderer began the quest for the Orb.
     0 | D:1      | Chiseanne set off with the following items: a potion of
                  | curing, a +0 robe, a +0 dagger, a ration; and the following
                  | spell memorised: Beastly Appendage; and the following
                  | spells available to memorise: Sticks to Snakes, Spider
                  | Form, Poisonous Vapours, Swiftness, Ice Form, Blade Hands
     0 | D:1      | Reached XP level 1. HP: 13/13 MP: 4/4
     6 | D:1      | Noticed a lindwurm
     6 | D:1      | Noticed a hound
     6 | D:1      | Noticed an iguana
     6 | D:1      | Noticed a black bear
     6 | D:1      | Noticed a redback
    22 | D:1      | Slain by a frilled lizard

Action                   || total
-------------------------++-------
Melee: Dagger            ||     9
       Kick              ||     2
       Bite              ||     1
 Cast: Beastly Appendage ||     1
Armor: Robe              ||     3
Dodge: Dodged            ||    11
